 Dungeon Crawl Stone Soup version 0.23-a0-445-g768d57b (webtiles) character file.

85 Dfrag the Firebug (level 4, 0/30 HPs)
             Began as a Demonspawn Fire Elementalist on Nov 18, 2018.
             Slain by an adder (3 damage)
             ... on level 2 of the Dungeon.
             The game lasted 00:01:42 (689 turns).

Dfrag the Firebug (Demonspawn Fire Elementalist)     Turns: 689, Time: 00:01:43

Health: 0/30       AC:  2    Str:  8    XL:     4   Next: 25%
Magic:  0/8        EV: 14    Int: 17    God:
Gold:   35         SH:  0    Dex: 14    Spells: 7/8 levels left

rFire    . . .     SeeInvis .   (no weapon)
rCold    . . .     Gourm    .   (no shield)
rNeg     . . .     Faith    .   a - +0 robe
rPois    .         Spirit   .   (no helmet)
rElec    .         Reflect  .   (no cloak)
rCorr    .         Harm     .   (no gloves)
MR       .....                  (no boots)
Stlth    ++........             (no amulet)
HPRegen  0.10/turn              (no ring)
MPRegen  0.11/turn              (no ring)

@: slowed, very slow
A: hooves 1, repulsion field 1
a: no special abilities


You were on level 2 of the Dungeon.
You were not hungry.

You visited 1 branch of the dungeon, and saw 2 of its levels.

You collected 35 gold pieces.

Inventory:

Armour
 a - a +0 robe (worn)
Scrolls
 b - 2 scrolls of identify {unknown}
 d - 2 scrolls of amnesia {unknown}
 e - 2 scrolls of remove curse {unknown}
 h - a scroll of enchant weapon {unknown}
Potions
 g - a potion of cancellation {unknown}
Comestibles
 c - 3 rations
 f - a chunk of flesh


   Skills:
 - Level 1.7 Dodging
 - Level 1.7 Stealth
 + Level 2.9 Spellcasting
 + Level 2.4 Conjurations
 + Level 3.4 Fire Magic


You had 7 spell levels left.
You knew the following spells:

 Your Spells              Type           Power        Failure   Level  Hunger
a - Flame Tongue          Conj/Fire      ##...        5%          1    #......

Your spell library contained the following spells:

 Spells                   Type           Power        Failure   Level  Hunger
 Throw Flame              Conj/Fire      ##....       8%          2    ##.....
 Conjure Flame            Conj/Fire      ##......     16%         3    ###....
 Inner Flame              Hex/Fire       #.......     26%         3    ###....
 Sticky Flame             Conj/Fire      ##......     45%         4    #####..
 Fireball                 Conj/Fire      ##........   82%         5    ######.


Dungeon Overview and Level Annotations

Branches:
Dungeon (2/15)

Altars:
Vehumet


Innate Abilities, Weirdness & Mutations

You have large cloven feet.
You are surrounded by a mild repulsion field. (EV +2)


Message History

You kill Natasha!
Natasha yowls pathetically as she dies!
The crimson imp disappears in a puff of smoke!
You have reached level 4!
You feel agile.
Unknown command.
The adder closely misses you. The adder bites you.
* * * LOW HITPOINT WARNING * * *
The adder bites you.
* * * LOW HITPOINT WARNING * * *
Casting: Flame Tongue (safe; 5% risk of failure)
Confirm with . or Enter, or press ? or * to list all spells.
Aiming: Flame Tongue (safe; 5% risk of failure)
Press: ? - help, Shift-Dir - straight line, f - adder
Aim: an adder The flame tongue hits the adder.
The adder is heavily wounded.
The adder bites you.
You die...

#... .###.# .. ..
..###... ...... ...
..#....%..# ......
#..##..... ..# #....?.
#...#....# #.# .<.....
#........# #.##.......
#...#....# #..........
#...#....####..........
#.........@S....#.###..
#.....<..####.....#
#........# ##.###.....
##........###..# ......
#.(...........## .....
#...........#.....####.#
#...........##..### #
##...............#
#..........#..##...


You could see an adder.

Vanquished Creatures
  Natasha (twice) (D:2)
  2 oozes (D:1)
  2 dart slugs
  4 bats (D:1)
  A giant cockroach (D:1)
  4 goblins (D:1)
  4 hobgoblins (D:1)
  A kobold (D:1)
  A frilled lizard (D:1)
  3 rats (D:1)
24 creatures vanquished.

Vanquished Creatures (others)
  A bat (D:2)
  A rat (D:2)
2 creatures vanquished.

Grand Total: 26 creatures vanquished

Notes
Turn   | Place    | Note
-------+----------+-------------------------------------------
     0 | D:1      | Dfrag the Demonspawn Fire Elementalist began the quest for
                  | the Orb.
     0 | D:1      | Reached XP level 1. HP: 13/13 MP: 3/3
    70 | D:1      | Gained mutation: You are surrounded by a mild repulsion
                  | field. (EV +2) [demonic ancestry]
    70 | D:1      | Reached XP level 2. HP: 11/19 MP: 0/5
   216 | D:1      | Reached skill level 3 in Fire Magic
   410 | D:1      | Gained mutation: You have large cloven feet. [demonic
                  | ancestry]
   410 | D:1      | Reached XP level 3. HP: 11/24 MP: 0/6
   629 | D:2      | Noticed Natasha
   632 | D:2      | Killed Natasha
   645 | D:2      | Found a radiant altar of Vehumet.
   673 | D:2      | Noticed Natasha
   684 | D:2      | Killed Natasha
   684 | D:2      | Reached XP level 4. HP: 10/30 MP: 0/8
   689 | D:2      | Slain by an adder

Vault maps used:
D:1:      matt_arrival_diagonals, chequers_serial_rivers_marsh
D:2:      xom_redecorated, fiery_altar_vehumet, lemuel_doored_altar,
          first_ration, chequers_ecumenical_altar_simple_redux, uniq_sigmund,
          uniq_natasha

Skill      XL: |  1  2  3 |
---------------+----------+-----
Fire Magic     | 3 |  3.4
Conjurations   | 2 |  2.4
Dodging        | |  1.7
Stealth        | |  1.7
Spellcasting   | |  2.9

Action                   |  1- 3 |  4- 6 || total
-------------------------+-------+-------++-------
Melee: Unarmed           |    15 |       ||    15
       Kick              |     2 |       ||     2
 Cast: Flame Tongue      |    44 |     2 ||    46
Armor: Robe              |     7 |       ||     7
Dodge: Dodged            |    25 |     1 ||    26

Table legend:
 A = Non-vault XP
 B = Vault XP
 C = Vault XP percentage of total XP
 D = Non-vault monster count
 E = Vault monster count
 F = Vault count percentage of total count
                 A         B        C        D         E       F
            +---------+---------+-------+---------+---------+-------
      Total |      87 |      35 |  28.7 |      23 |       1 |   4.2
            +---------+---------+-------+---------+---------+-------
        D:1 |      48 |       0 |   0.0 |      21 |       0 |   0.0
        D:2 |      39 |      35 |  47.3 |       2 |       1 |  33.3
            +---------+---------+-------+---------+---------+-------
